 Dungeon Crawl Stone Soup version 0.31-a0-859-g9dce7d3444 (webtiles) character file.

Game seed: 9224752323364242368

1 BinkBink the Sneak (level 1, -4/18 HPs)
             Began as a Formicid Delver on Oct 9, 2023.
             Slain by an iguana (13 damage)
             ... on level 4 of the Dungeon.
             The game lasted 00:00:37 (159 turns).

BinkBink the Sneak (Formicid Delver)                 Turns: 159, Time: 00:00:37

Health: -4/18      AC:  3    Str: 16    XL:     1   Next: 22%
Magic:  1/1        EV: 12    Int:  9    God:
Gold:   0          SH:  0    Dex: 15    Spells: 0/0 levels left

rFire   + . .        a - +0 hand axe
rCold   + . .        (no shield)
rNeg    . . .        b - +0 leather armour
rPois   .            (helmet unavailable)
rElec   .            g - scarf {rC+ rF+}
rCorr   .            (no gloves)
SInv    +            (no boots)
Will    .....        (no amulet)
Stlth   +++          (no ring)
HPRegen 0.23/turn    (no ring)
MPRegen 0.07/turn

%: no passive effects
@: no status effects
A: permanent stasis, dig shafts and tunnels, antennae 3, four strong arms
a: Dig, Shaft Self


You were on level 4 of the Dungeon.
You visited 1 branch of the dungeon, and saw 2 of its levels.

Inventory:

Hand Weapons
 a - a +0 hand axe (weapon)
Armour
 b - a +0 leather armour (worn)
 g - a scarf of resistance (worn)
Wands
 f - a wand of digging (3)
Scrolls
 c - a scroll of fog
 d - a scroll of revelation
 e - a scroll of fear
 h - a scroll of enchant weapon {unknown}


   Skills:
 + Level 3.3 Fighting
 + Level 2.0 Axes
 + Level 1.8 Dodging
 + Level 6.0 Stealth


You couldn't memorise any spells.
You didn't know any spells.
Your spell library was empty.

Dungeon Overview and Level Annotations

Branches:
Dungeon (5/15)
 Temple: D:4-7

Altars:


Innate Abilities, Weirdness & Mutations

You cannot be hasted, slowed, berserked, paralysed or teleported.
You can dig through walls and to a lower floor.
You have a pair of large antennae on your head. (SInv)
Your four strong arms can wield two-handed weapons with a shield.


Message History

An ice beast comes into view.
The ice beast moves out of view.
There is a stone staircase leading up here.
You climb upwards.
Found an embroidered scarf.
There is a stone staircase leading down here.
You see here a scarf of resistance.
g - a scarf of resistance You start putting on your armour.
You continue putting on your scarf of resistance. x4
You finish putting on your scarf of resistance.
You feel resistant to extremes of temperature.
There is a stone staircase leading down here.
h - a scroll labelled QAD VETABBIL You sense a monster nearby.
An iguana comes into view.
The helpless iguana fails to defend itself.
You hit the iguana but do no damage. The iguana bites you.
You slash the iguana!
The iguana is heavily wounded.
The iguana closely misses you.
You hit the iguana but do no damage.
The iguana is heavily wounded.
The iguana bites you!
Ouch! That really hurt!
You barely miss the iguana.
The iguana is heavily wounded.
The iguana closely misses you.
You hit the iguana. Your punch misses the iguana.
The iguana is severely wounded.
The iguana bites you but does no damage.
The iguana barely misses you.
You closely miss the iguana.
The iguana is severely wounded.
The iguana barely misses you.
You closely miss the iguana.
The iguana is severely wounded.
The iguana bites you!
Ouch! That really hurt!
You die...

##############
#............#
#.##########@#
#.# #l# #.#
#.# #.# #.#
###.# #.#
###...# #.#
....### #.#
##### #.# ###


You could see an iguana.

Vanquished Creatures
  A quokka (D:5)
1 creature vanquished.

Notes
Turn   | Place    | Note
-------+----------+-------------------------------------------
     0 | D:5      | BinkBink the Formicid Delver began the quest for the Orb.
     0 | D:5      | Reached XP level 1. HP: 18/18 MP: 1/1
     0 | D:5      | Noticed a lemure
    71 | D:5      | Noticed an ice beast
   151 | D:4      | Noticed an iguana
   159 | D:4      | Slain by an iguana

Illustrated notes

Levels and vault maps discovered:
D:4:      layout_loops_ring, mainiacjoe_overflow_alcove_2, serial_shops,
          nicolae_shop_behind_doors, nicolae_shop_tiny_statue_garden, shop,
          shop, kennysheep_generic_room_8
D:5:      layout_cave_pools, grunt_temple_overflow_cloverleaf,
          minmay_temple_entry_waves, nicolae_titane, uniq_prince_ribbit1,
          uniq_pikel

Action                     || total
---------------------------++-------
  Melee: Hand axe          ||     9
   Stab: Sleeping          ||     1
 Armour: Leather armour    ||     4
  Dodge: Dodged            ||     6

Table legend: (Time is in decaauts)
 A = Elapsed time spent in this place.
 B = Non-inter-level travel time spent in this place.
 C = Inter-level travel time spent in this place.
 D = Time resting spent in this place.
 E = Time spent auto-exploring this place.
 F = Levels seen in this place.
 G = Mean time per level.
                   A        B        C        D        E       F      G
               +--------+--------+--------+--------+--------+-----+--------+
         Total |    160 |    160 |      0 |     49 |     34 |   2 |   80.0 |
       Dungeon |    160 |    160 |      0 |     49 |     34 |   2 |   80.0 |
               +--------+--------+--------+--------+--------+-----+--------+

Top non-repeatable levels by time:
     D:4: 84 daAuts
     D:5: 75 daAuts
